 Dungeon Crawl Stone Soup version bcrawl-1.17.3 (webtiles) character file.

Game seed: 7774883412922057580

350 MisterOstroum the Slasher (level 6, -4/49 HPs)
             Began as a Demonspawn Archaeologist on Oct 18, 2019.
             Slain by a bullfrog (9 damage)
             ... on level 3 of the Dungeon.
             The game lasted 00:23:32 (3357 turns).

MisterOstroum the Slasher (DsAc)                    Turns: 3357, Time: 00:23:32

Health: -4/49      AC:  9    Str: 13    XL:     6   Next: 34%
Magic:  6/6        EV: 11    Int: 16    God:
Gold:   182        SH:  0    Dex: 11    Spells: 5/5 levels left

rFire    . . .     SeeInvis .   o - +0 short sword (speed)
rCold    . . .     Gourm    .   (no shield)
rNeg     . . .     Faith    .   j - +0 scale mail
rPois    .         Spirit   .   c - +1 hat
rElec    .         Reflect  .   (no cloak)
rCorr    .         Harm     .   (no gloves)
MR       .....                  d - +1 pair of boots
Stlth    +.........             (no amulet)
HPRegen  0.16/turn              (no ring)
MPRegen  0.10/turn              (no ring)

@: studying Long Blades, very slow
A: repulsion field 1
a: no special abilities


You were on level 3 of the Dungeon.
You were not hungry.

You visited 1 branch of the dungeon, and saw 3 of its levels.
You also visited: Sewer.

You collected 182 gold pieces.

Inventory:

Hand Weapons
 m - a +0 spear
 o - a +0 short sword of speed (weapon)
Missiles
 a - 403 stones (quivered)
 h - 91 arrows
Armour
 b - a +1 robe
 c - a +1 hat (worn)
 d - a +1 pair of boots (worn)
 j - a +0 scale mail (worn)
Scrolls
 k - a scroll of identify {@r1}
 l - a scroll of remove curse {@r2}
 n - a scroll of fear {!r}
Books
 g - a manual of Long Blades
Miscellaneous
 f - an ancient crate
Comestibles
 e - 6 rations {!d}
 i - 13 chunks of flesh


   Skills:
 + Level 4.7 Fighting
 + Level 5.6 Long Blades
   Level 0.8 Maces & Flails
 - Level 2.6 Dodging
 - Level 3.0 Stealth


You had 5 spell levels left.
You didn't know any spells.
Your spell library was empty.

Dungeon Overview and Level Annotations

Branches:
Dungeon (3/12)

Altars:
Ashenzari
Sif Muna
Xom

Annotations:
D:2 exclusions: 2 doors, hobgoblin, worm and 1 more exclusion, Jessica


Innate Abilities, Weirdness & Mutations

You are surrounded by a mild repulsion field. (EV +2)


Message History

The ooze misses you. The adder bites you but does no damage.
You closely miss the adder.
The adder is severely wounded.
You closely miss the adder.
The adder is severely wounded.
The adder closely misses you. The ooze hits you.
You aren't carrying any potions.
You hit the adder.
You kill the adder!
You have reached level 6!
Your experience leads to an increase in your attributes!
Increase (S)trength, (I)ntelligence, or (D)exterity?
You feel stronger. The bullfrog hits you. The ooze hits you but does no damage.
You hit the bullfrog.
The bullfrog is lightly wounded.
The bullfrog hits you.
You hit the bullfrog but do no damage.
The bullfrog is lightly wounded.
The ooze misses you. The bullfrog closely misses you.
You hit the bullfrog.
The bullfrog is moderately wounded.
The ooze hits you.
You hit the bullfrog.
The bullfrog is heavily wounded.
The bullfrog hits you.
You closely miss the bullfrog.
The bullfrog is heavily wounded.
The bullfrog closely misses you. The ooze completely misses you.
You closely miss the bullfrog.
The bullfrog is heavily wounded.
The bullfrog hits you.
The frilled lizard unfolds its giant frill.
You hit the bullfrog.
The bullfrog is severely wounded.
The bullfrog closely misses you. The ooze hits you but does no damage.
You closely miss the bullfrog.
The bullfrog is severely wounded.
The bullfrog hits you! The ooze hits you but does no damage.
You hit the bullfrog.
The bullfrog is almost dead.
The bullfrog hits you but does no damage.
You hit the bullfrog.
You kill the bullfrog!
The ooze hits you but does no damage.
You hit the ooze.
The ooze is lightly wounded.
The ooze jiggles.
The ooze hits you.
You hit the ooze.
The ooze is moderately wounded.
Your scale mail prevents you from hitting the frilled lizard.
The frilled lizard bites you but does no damage.
The ooze hits you but does no damage.
You hit the frilled lizard.
You kill the frilled lizard!
A giant cockroach comes into view.
The ooze hits you.
You hit the ooze.
The ooze is heavily wounded.
You hit the ooze.
The ooze is severely wounded.
The ooze hits you but does no damage.
A bullfrog comes into view.
The bullfrog gives a loud, deep croak!
You hit the ooze.
The ooze is almost dead.
You hear an angry hiss.
You hit the ooze.
You kill the ooze!
The ooze hits you.
* * * LOW HITPOINT WARNING * * *
You miss the leopard gecko. The ooze completely misses you.
You enter the shallow water.
Moving in this stuff is going to be slow.
The leopard gecko bites you but does no damage.
The bullfrog barely misses you. The bullfrog hits you!
* * * LOW HITPOINT WARNING * * *
The frilled lizard unfolds its giant frill.
Okay, then.
The bullfrog closely misses you.
There is a gate leading back out of this place here.
The bullfrog barely misses you. The leopard gecko bites you.
* * * LOW HITPOINT WARNING * * *
The frilled lizard completely misses you.
The bullfrog hits you but does no damage.
Welcome back to the Dungeon!
There is a collapsed entrance here.
You hit the frilled lizard.
You kill the frilled lizard!
The bullfrog snags a nearby mouse with its tongue.
The bullfrog misses you.
As you read the scroll labeled NUHECI HUZAFF, it crumbles to dust.
You assume a fearsome visage.
The bullfrog looks frightened!
The leopard gecko looks frightened!
It was a scroll of fear.
You enter the shallow water.
Moving in this stuff is going to be slow.
Cornered, the bullfrog turns to fight!
The bullfrog hits you!
You die...

#. # ##. ##8##8##.
.......). ##8##8##.
### # ##.
#.#######8.
#......###.
##########...# .###†
#†.@F≈l≈≈≈...# .##8.
##########...##.###.
#........##.
#........#8.
#........##.
###......##'
##........
#.........
...##.#.......


You could see a bullfrog and a leopard gecko (fleeing).

Vanquished Creatures
  A bullfrog (Sewer)
  An orc wizard (D:2)
  A gnoll (D:1)
  5 adders
  14 oozes (Sewer)
  5 worms
  13 leopard geckos
  5 orcs
  7 bats
  10 giant cockroaches
  6 goblins
  12 hobgoblins
  5 kobolds
  3 quokkas
  6 ball pythons (Sewer)
  9 frilled lizards
  6 rats
109 creatures vanquished.

Notes
Turn   | Place    | Note
-------+----------+-------------------------------------------
     0 | D:1      | MisterOstroum the Demonspawn Archaeologist began the quest
                  | for the Orb.
     0 | D:1      | Reached XP level 1. HP: 15/15 MP: 1/1
     1 | D:1      | Noticed an electric eel
   146 | D:1      | Gained mutation: You are surrounded by a mild repulsion
                  | field. (EV +2) [demonic ancestry]
   146 | D:1      | Reached XP level 2. HP: 22/22 MP: 2/2
   871 | D:1      | Reached XP level 3. HP: 24/29 MP: 3/3
  1400 | D:1      | Reached skill level 1 in Long Blades
  1557 | D:2      | Found a shimmering blue altar of Sif Muna.
  1594 | D:2      | Found a shattered altar of Ashenzari.
  1659 | D:2      | Reached skill level 2 in Long Blades
  1790 | D:2      | Reached XP level 4. HP: 30/35 MP: 4/4
  1868 | D:2      | Found a shimmering altar of Xom.
  1926 | D:2      | Noticed Jessica
  2175 | D:2      | Reached skill level 3 in Long Blades
  2511 | D:3      | Reached XP level 5. HP: 32/42 MP: 5/5
  2513 | D:3      | Found a glowing drain.
  2584 | Sewer    | Entered a sewer
  2621 | Sewer    | Reached skill level 4 in Long Blades
  3286 | Sewer    | Reached skill level 5 in Long Blades
  3329 | Sewer    | Reached XP level 6. HP: 45/49 MP: 6/6
  3357 | D:3      | Slain by a bullfrog

Skill      XL: |  1  2  3  4  5 |
---------------+----------------+-----
Fighting       | 2 3 4 |  4.7
Long Blades    | 2 3 5 |  5.6
Maces & Flails | |  0.8
Dodging        | |  2.6
Stealth        | |  3.0

Action                   |  1- 3 |  4- 6 || total
-------------------------+-------+-------++-------
Melee: Whip              |    83 |       ||    83
       Spear             |    38 |       ||    38
       Short sword       |    91 |   401 ||   492
Throw: Stone             |    14 |   104 ||   118
  Use: Scroll            |     1 |     2 ||     3
       Potion            |       |     2 ||     2
 Stab: Sleeping          |     4 |       ||     4
  Eat: Chunk             |     3 |     6 ||     9
Armor: Robe              |    37 |    10 ||    47
       Scale mail        |       |    97 ||    97
Dodge: Dodged            |   115 |   176 ||   291
